[Event "Titled Tuesday Blitz September 28 2021"]
[White "Garrido Outon, Alex"]
[Black "Matamoros Franco, Carlos S."]
[WhiteFideId "24516279"]
[BlackFideId "3600017"]
[WhiteElo "2131"]
[BlackElo "2554"]
[Result "1-0"]
[Round "06"]
[TimeControl "180+1"]
[Date "2021.09.28"]
[WhiteClock "0:00:06"]
[BlackClock "0:00:04"]

1. e4 c5 2. Nf3 Nc6 3. d4 cxd4 4. Nxd4 e5 5. Nb5 d6 6. N1c3 a6 7. Na3 Be7 8. Nc4 b5 9. Ne3 Nf6 10. g3 h5 11. Bg2 h4 12. O-O h3 13. Bh1 Rb8 14. Ned5 Nxd5 15. Nxd5 Bg5 16. Bxg5 Qxg5 17. Nc7+ Ke7 18. Nd5+ Kf8 19. c3 Qd8 20. Qd3 Ne7 21. Ne3 Be6 22. Rfd1 Rb6 23. a4 Qb8 24. axb5 axb5 25. Ra3 g6 26. Bf3 Kg7 27. Bg4 Bxg4 28. Nxg4 b4 29. cxb4 Rxb4 30. Ra6 d5 31. Qf3 f5 32. exf5 gxf5 33. Ne3 Qc8 34. Ra7 Rb7 35. Rxb7 Qxb7 36. Nxf5+ Nxf5 37. Qxf5 Re8 38. Qg5+ Kf7 39. Qh5+ Kf8 40. Qxh3 Qxb2 41. Qf5+ Kg7 42. Qg5+ Kf8 43. Qf5+ Kg7 44. Rxd5 Qc1+ 45. Kg2 Qc6 46. Qf3 Qe6 47. Qd3 e4 48. Rd7+ Kf8 49. Qd6+ Qxd6 50. Rxd6 e3 51. fxe3 Rxe3 52. Rf6+ Kg7 53. Rf4 Ra3 54. h4 Rb3 55. Kh3 Ra3 56. Rg4+ Kh7 57. Rf4 Rb3 58. Re4 Ra3 59. Rf4 Rb3 60. h5 Ra3 61. Kh4 Rb3 62. g4 Rb1 63. Rf7+ Kg8 64. Ra7 Rc1 65. h6 Rd1 66. Kh5 Kh8 67. Ra6 Kg8 68. Kg6 Rd8 69. g5 Kh8 70. Rf6 Kg8 71. Re6 Kh8 72. Kf5 Rd5+ 73. Re5 Rd8 74. g6 Kg8 75. Kg5 Ra8 76. Rf5 Rb8 77. Kh5 Ra8 78. Kg4 Rb8 79. Kg5 Ra8 80. g7 Rb8 81. Rf6 Kh7 82. Rf8 Rb5+ 83. Kf4 Rb4+ 84. Ke3 Rg4 85. Rh8+ 1-0


[Site "https://www.chess.com"]

[Event "Titled Tuesday Blitz September 28 2021"]
[White "Garv Gaur"]
[Black "Ghimpu, Samuel-Timotei"]
[WhiteFideId "45030839"]
[BlackFideId "1238175"]
[WhiteElo "1950"]
[BlackElo "2012"]
[Result "1/2-1/2"]
[Round "06"]
[TimeControl "180+1"]
[Date "2021.09.28"]
[WhiteClock "0:01:06"]
[BlackClock "0:00:43"]

1. d4 Nf6 2. Nf3 g6 3. c4 Bg7 4. g3 O-O 5. Bg2 d6 6. O-O Bf5 7. Nc3 Ne4 8. Qb3 Nxc3 9. bxc3 Be4 10. Ba3 b6 11. Rfd1 Nc6 12. c5 d5 13. Ne5 Nxe5 14. dxe5 Bxg2 15. Kxg2 c6 16. e4 Qc7 17. exd5 cxd5 18. Rxd5 Bxe5 19. cxb6 axb6 20. Bb4 Rfc8 21. Re1 Bf6 22. Rd3 h5 23. Rde3 e6 24. Rf3 Qc6 25. c4 Bg7 26. Kg1 Qxc4 27. Qxc4 Rxc4 28. a3 Bd4 29. Re2 e5 30. Kg2 f5 31. Rb3 Rac8 32. Bd6 Rc2 33. Bxe5 Rxe2 34. Bxd4 Re4 35. Be3 Ra4 36. Rxb6 Kf7 37. Rb7+ 1/2-1/2


[Site "https://www.chess.com"]

[Event "Titled Tuesday Blitz September 28 2021"]
[White "Godzwon, Iwo"]
[Black "Bugayev, Vladimir"]
[WhiteFideId "21802483"]
[BlackFideId "30901480"]
[WhiteElo "2201"]
[BlackElo "2360"]
[Result "1-0"]
[Round "06"]
[TimeControl "180+1"]
[Date "2021.09.28"]
[WhiteClock "0:00:52"]
[BlackClock "0:00:01"]

1. c4 c5 2. Nf3 g6 3. Nc3 Bg7 4. e3 Nf6 5. Be2 O-O 6. O-O Nc6 7. a3 d5 8. cxd5 Nxd5 9. Qc2 b6 10. b3 Bf5 11. e4 Nxc3 12. dxc3 Be6 13. Bb2 c4 14. b4 b5 15. Rad1 Qc8 16. Rd2 Rd8 17. Rfd1 Rxd2 18. Qxd2 a5 19. h3 axb4 20. cxb4 Bxb2 21. Qxb2 h6 22. Qc3 Qc7 23. Qe3 Kh7 24. Qc5 Qb7 25. h4 Rxa3 26. h5 g5 27. Rc1 Kg7 28. Bd1 Rd3 29. Bc2 Rd8 30. Nxg5 hxg5 31. Qxg5+ Kf8 32. h6 Nd4 33. h7 Ne2+ 34. Kf1 Nxc1 35. h8=Q# 1-0


[Site "https://www.chess.com"]

[Event "Titled Tuesday Blitz September 28 2021"]
[White "Gritsenko, Nikolai"]
[Black "Florescu, Codrut-Constantin"]
[WhiteFideId "14112493"]
[BlackFideId "1202200"]
[WhiteElo "2389"]
[BlackElo "2243"]
[Result "1-0"]
[Round "06"]
[TimeControl "180+1"]
[Date "2021.09.28"]
[WhiteClock "0:00:27"]
[BlackClock "0:00:57"]

1. d4 Nf6 2. Bg5 e6 3. Nd2 h6 4. Bxf6 Qxf6 5. e3 d5 6. f4 c5 7. c3 Nc6 8. Ngf3 g5 9. g3 gxf4 10. gxf4 Bd7 11. a3 O-O-O 12. Bh3 Rg8 13. Qc2 Kb8 14. Kf2 Rc8 15. Qd3 Ne7 16. Rhg1 Rxg1 17. Rxg1 Nf5 18. Bxf5 exf5 19. Rg3 c4 20. Qc2 Be7 21. Ne5 Be6 22. Qa4 Rd8 23. b3 cxb3 24. Qxb3 Rc8 25. Ndf3 Qh8 26. Rg1 Qd8 27. Rb1 b6 28. a4 Qc7 29. a5 Qxc3 30. axb6 Qxb3 31. bxa7+ Kxa7 32. Rxb3 Rc1 33. Nd3 Rc2+ 34. Ke1 Bc8 35. Rb2 Rc7 36. Nc5 Bxc5 37. dxc5 Rxc5 38. Nd4 Rc1+ 39. Kd2 Rh1 40. Kc3 Ba6 41. Nc6+ 1-0


[Site "https://www.chess.com"]

[Event "Titled Tuesday Blitz September 28 2021"]
[White "Harshavardhan G B"]
[Black "Perera Alfonso, Rene Humberto"]
[WhiteFideId "25059009"]
[BlackFideId "3514722"]
[WhiteElo "1825"]
[BlackElo "2313"]
[Result "0-1"]
[Round "06"]
[TimeControl "180+1"]
[Date "2021.09.28"]
[WhiteClock "0:00:35"]
[BlackClock "0:00:59"]

1. e4 d5 2. exd5 Nf6 3. d4 Bg4 4. f3 Bf5 5. Bb5+ c6 6. dxc6 bxc6 7. Bc4 e6 8. Ne2 Bd6 9. Nbc3 Qc7 10. g3 O-O 11. O-O Nbd7 12. Bf4 e5 13. dxe5 Nxe5 14. Bb3 Rfe8 15. Nd4 Rad8 16. Nxf5 Bc5+ 17. Kg2 Rxd1 18. Raxd1 Qc8 19. Nd6 Bxd6 20. Rxd6 Ng6 21. Bg5 Rd8 22. Rfd1 Rxd6 23. Rxd6 c5 24. Ne4 c4 25. Ba4 Qb8 26. Rd4 h6 27. Nxf6+ gxf6 28. Bxf6 Qb6 29. Rxc4 Qxf6 30. c3 Qe6 31. Re4 Qxa2 32. h4 Qxb2+ 33. Kh3 h5 34. c4 Qa1 0-1


[Site "https://www.chess.com"]

[Event "Titled Tuesday Blitz September 28 2021"]
[White "Havanecz, Bianka"]
[Black "Avila Pavas, Santiago"]
[WhiteFideId "704814"]
[BlackFideId "4437128"]
[WhiteElo "2393"]
[BlackElo "2292"]
[Result "0-1"]
[Round "06"]
[TimeControl "180+1"]
[Date "2021.09.28"]
[WhiteClock "0:00:07"]
[BlackClock "0:00:27"]

1. d4 d5 2. c4 c6 3. Nf3 Nf6 4. Nc3 dxc4 5. a4 Bg4 6. e3 e6 7. Bxc4 Bb4 8. O-O a5 9. h3 Bh5 10. Be2 Nbd7 11. Bd2 O-O 12. Na2 Bd6 13. b4 Ne4 14. b5 cxb5 15. axb5 Ndf6 16. Nc3 Nxd2 17. Nxd2 Bxe2 18. Qxe2 Bb4 19. Na4 Rc8 20. b6 Rc2 21. Rfd1 Qd5 22. Qd3 Rfc8 23. Nf3 Ne4 24. Rf1 f6 25. Ne1 Rd2 26. Qb1 Bc3 27. Nxc3 Nxc3 28. Qc1 Ne2+ 0-1


[Site "https://www.chess.com"]

[Event "Titled Tuesday Blitz September 28 2021"]
[White "Herrera Reyes, Jose Antonio"]
[Black "Balabayeva, Xeniya"]
[WhiteFideId "2274914"]
[BlackFideId "13719688"]
[WhiteElo "2361"]
[BlackElo "1965"]
[Result "1-0"]
[Round "06"]
[TimeControl "180+1"]
[Date "2021.09.28"]
[WhiteClock "0:00:23"]
[BlackClock "0:00:00"]

1. Nf3 d5 2. g3 Nd7 3. Bg2 e5 4. O-O Ngf6 5. c4 dxc4 6. Qa4 Bd6 7. Na3 O-O 8. Nxc4 Nb6 9. Nxb6 cxb6 10. d3 Bd7 11. Qb3 Be6 12. Qa4 h6 13. Nd2 Bd7 14. Qb3 Be6 15. Qa4 Bd7 16. Qd1 Bc6 17. e4 Rc8 18. Nc4 Bc7 19. Be3 b5 20. Nd2 Qxd3 21. Bxa7 b6 22. Rc1 Qd7 23. Nb3 Qe6 24. Qd2 Rfd8 25. Qc3 Bb7 26. Qb4 Qd7 27. Bf3 Ba8 28. Rfd1 Bd6 29. Rxc8 Rxc8 30. Qxd6 Qxa7 31. Qxe5 Qxa2 32. Qxb5 Bxe4 33. Bxe4 Nxe4 34. Re1 Nf6 35. Nd4 Qa5 36. Qe2 Qd5 37. Nc2 Re8 38. Ne3 Qe6 39. Qb5 Qd7 40. Qxb6 Nd5 41. Qd4 Qc6 42. h4 Nxe3 43. Rxe3 Qc1+ 44. Kg2 Rxe3 45. fxe3 Qc2+ 46. Kf3 Qc6+ 47. Qe4 Qf6+ 48. Kg4 Qxb2 49. Qe8+ Kh7 50. Qxf7 Qb4+ 51. Qf4 Qe7 52. e4 Kg8 53. e5 Qe6+ 54. Qf5 1-0


[Site "https://www.chess.com"]

[Event "Titled Tuesday Blitz September 28 2021"]
[White "Hjartarson, Johann"]
[Black "Visakh N R"]
[WhiteFideId "2300044"]
[BlackFideId "25012223"]
[WhiteElo "2502"]
[BlackElo "2454"]
[Result "0-1"]
[Round "06"]
[TimeControl "180+1"]
[Date "2021.09.28"]
[WhiteClock "0:00:05"]
[BlackClock "0:00:27"]

1. e4 c6 2. d4 d5 3. e5 Bf5 4. Nd2 e6 5. Nb3 Nd7 6. Nf3 h6 7. Be3 Ne7 8. Be2 g5 9. O-O Bg7 10. Ne1 O-O 11. Nd3 Bg6 12. c3 b6 13. f4 Nf5 14. Bf2 c5 15. dxc5 gxf4 16. Nxf4 Nxe5 17. cxb6 axb6 18. Nd4 Qg5 19. Nxg6 Qxg6 20. Nxf5 Qxf5 21. Bxb6 Qe4 22. Bd4 Rab8 23. b3 Nc6 24. Bxg7 Qe3+ 25. Kh1 Kxg7 26. Rf3 Qe5 27. Qd2 f5 28. Raf1 Rf6 29. Re3 Qd6 30. Bh5 Kh8 31. g3 Rbf8 32. Be2 d4 33. cxd4 Nxd4 34. Bc4 e5 35. Qg2 f4 36. gxf4 exf4 37. Rd3 Qe5 38. Rfd1 f3 39. Qf2 Ne2 40. Rd8 Qg5 41. Bxe2 fxe2 42. Rxf8+ Kg7 43. Rg1 Kxf8 44. Qa7 Qd5+ 0-1


[Site "https://www.chess.com"]

[Event "Titled Tuesday Blitz September 28 2021"]
[White "Ibrahimli, Murad"]
[Black "Moroni, Luca Jr"]
[WhiteFideId "13410229"]
[BlackFideId "865834"]
[WhiteElo "2109"]
[BlackElo "2491"]
[Result "1-0"]
[Round "06"]
[TimeControl "180+1"]
[Date "2021.09.28"]
[WhiteClock "0:00:08"]
[BlackClock "0:00:02"]

1. Nf3 g6 2. d4 Bg7 3. c3 b6 4. a4 Bb7 5. a5 f5 6. Bf4 Nf6 7. h3 O-O 8. Nbd2 h6 9. e3 Kh7 10. Bd3 c5 11. g4 e6 12. Rg1 cxd4 13. gxf5 dxc3 14. fxg6+ Kg8 15. bxc3 Nd5 16. Be5 Bxe5 17. Nxe5 Qf6 18. Ng4 Qg7 19. a6 Bc6 20. Rc1 d6 21. Ne4 Nd7 22. Ng3 N7f6 23. Nxf6+ Nxf6 24. Nh5 Nxh5 25. Qxh5 Rf6 26. f4 Raf8 27. Rd1 Kh8 28. Bc2 e5 29. f5 e4 30. Rf1 d5 31. c4 dxc4 32. Rd4 b5 33. Bxe4 Bxe4 34. Rxe4 Rd6 35. f6 Rdxf6 36. Rxf6 Rxf6 37. Re8+ Rf8 38. Rxf8+ Qxf8 39. Qxb5 Kg7 40. Qxc4 Qe7 41. Qd4+ Kxg6 42. Qg4+ Kh7 43. Qf5+ Kg7 44. Qg4+ Kh7 45. Qd4 Kg6 46. Kd2 Qc7 47. Qd3+ Kh5 48. Qf5+ Kh4 49. Qg4# 1-0


[Site "https://www.chess.com"]

[Event "Titled Tuesday Blitz September 28 2021"]
[White "Indjic, Aleksandar"]
[Black "De Silva, L M S T"]
[WhiteFideId "911925"]
[BlackFideId "9953698"]
[WhiteElo "2643"]
[BlackElo "1621"]
[Result "1-0"]
[Round "06"]
[TimeControl "180+1"]
[Date "2021.09.28"]
[WhiteClock "0:01:59"]
[BlackClock "0:00:32"]

1. e4 e5 2. Nf3 Nc6 3. Bb5 a6 4. Ba4 Nf6 5. O-O b5 6. Bb3 Bb7 7. d3 Bc5 8. Nc3 h6 9. a4 b4 10. Nd5 a5 11. Be3 d6 12. Nxf6+ Qxf6 13. Bd5 O-O 14. Nd2 Nd8 15. Bxc5 dxc5 16. Bb3 Ne6 17. Bxe6 fxe6 18. Qe2 Ba6 19. Qe3 Qe7 20. Rfd1 Rfd8 21. Nb3 c4 22. Nxa5 Qd6 23. h3 cxd3 24. cxd3 Rab8 25. Rac1 Bxd3 26. Nc6 1-0


[Site "https://www.chess.com"]

[Event "Titled Tuesday Blitz September 28 2021"]
[White "Iskusnyh, Sergei"]
[Black "Al-Tarboush, Ward"]
[WhiteFideId "4120027"]
[BlackFideId "7601450"]
[WhiteElo "2492"]
[BlackElo "2319"]
[Result "1-0"]
[Round "06"]
[TimeControl "180+1"]
[Date "2021.09.28"]
[WhiteClock "0:00:45"]
[BlackClock "0:00:03"]

1. d4 b6 2. c4 Bb7 3. Nc3 Nf6 4. Qc2 d5 5. cxd5 Nxd5 6. Nf3 e6 7. e4 Nxc3 8. bxc3 Be7 9. Bd3 c5 10. O-O O-O 11. d5 Nd7 12. c4 Bf6 13. Rb1 Ne5 14. Nxe5 Bxe5 15. f4 Bd4+ 16. Kh1 e5 17. f5 a6 18. f6 gxf6 19. Bh6 Re8 20. Qe2 Kh8 21. Qh5 Qe7 22. Rxb6 Rg8 23. Rbxf6 Bc8 24. Rxf7 Bg4 25. Rxe7 Bxh5 26. Rb1 Rg6 27. Bd2 Rf6 28. Bg5 Rg6 29. Bh4 Bf3 30. gxf3 Rag8 31. Bg3 h5 32. Rbb7 Rh6 33. Bxe5+ Bxe5 34. Rxe5 Rhg6 35. Rxh5+ 1-0


[Site "https://www.chess.com"]

[Event "Titled Tuesday Blitz September 28 2021"]
[White "Janaszak, Dawid"]
[Black "OnePeculiarConundrum"]
[WhiteFideId "1119206"]
[WhiteElo "2283"]
[BlackElo "2415"]
[Result "1-0"]
[Round "06"]
[TimeControl "180+1"]
[Date "2021.09.28"]
[WhiteClock "0:00:42"]
[BlackClock "0:00:46"]

1. d4 d5 2. Nf3 Nf6 3. c3 c6 4. Qc2 g6 5. Bf4 Bf5 6. Qb3 Qb6 7. h3 Bg7 8. Nbd2 O-O 9. e3 Nbd7 10. a4 Qxb3 11. Nxb3 Ne4 12. g4 Be6 13. a5 f6 14. Nfd2 Nxd2 15. Kxd2 Bf7 16. Bg3 e5 17. Ra4 Rfe8 18. Be2 Bf8 19. h4 Kg7 20. h5 Bd6 21. Bd3 Bf8 22. f4 e4 23. Be2 Bd6 24. Bh4 Nf8 25. c4 Rac8 26. c5 Be7 27. a6 Rc7 28. h6+ Kg8 29. f5 g5 30. Bg3 Rd7 31. Na5 bxa6 32. Nxc6 Rc8 33. Rxa6 Be8 34. b4 Rb7 35. Nxe7+ Rxe7 36. b5 Rb7 37. Rb1 Nd7 38. c6 Rb6 39. cxd7 Bxd7 40. Rxa7 Be8 41. Rc1 Rxc1 42. Kxc1 Bxb5 43. Rg7+ Kh8 44. Bxb5 Rxb5 45. Rd7 Kg8 46. Bd6 Rb6 47. Rd8+ Kf7 48. Rf8# 1-0


[Site "https://www.chess.com"]

[Event "Titled Tuesday Blitz September 28 2021"]
[White "Jeet, Jain"]
[Black "Martin Carmona, Gaston Manuel"]
[WhiteFideId "5073022"]
[BlackFideId "22284567"]
[WhiteElo "2085"]
[BlackElo "2161"]
[Result "0-1"]
[Round "06"]
[TimeControl "180+1"]
[Date "2021.09.28"]
[WhiteClock "0:00:43"]
[BlackClock "0:00:57"]

1. e4 e6 2. d3 d5 3. Qe2 dxe4 4. dxe4 e5 5. Nf3 Nc6 6. g3 Nf6 7. Bg2 Bg4 8. c3 Bc5 9. h3 Bh5 10. O-O a5 11. Be3 Qe7 12. Nbd2 O-O 13. a4 Bxf3 14. Qxf3 Bxe3 15. Qxe3 Rad8 16. Rad1 b6 17. f4 Nd7 18. Kh2 Nc5 19. f5 f6 20. Qe2 Rd7 21. Qb5 Na7 22. Qc4+ Qf7 23. Qxf7+ Kxf7 24. Nc4 Rfd8 25. Rxd7+ Rxd7 26. Ra1 Nc8 27. Kg1 Nd6 28. Nxd6+ Rxd6 29. b4 Nb3 30. Rb1 Nd2 31. Ra1 Rd3 32. Rd1 Rd6 33. Ra1 c5 34. bxa5 bxa5 35. Kf2 Rd3 36. Ke2 Rxg3 37. Kxd2 Rxg2+ 38. Kd3 Rg3+ 39. Kc4 Rxh3 40. Rb1 h5 41. Rb7+ Kg8 42. Ra7 h4 43. Rxa5 Re3 44. Ra8+ Kh7 45. a5 h3 46. Rb8 Rxe4+ 47. Kxc5 Ra4 48. Rb4 Rxb4 0-1


[Site "https://www.chess.com"]

[Event "Titled Tuesday Blitz September 28 2021"]
[White "Khusnutdinov, Rustam"]
[Black "Molina, Roberto Junio Brito"]
[WhiteFideId "13701703"]
[BlackFideId "2109450"]
[WhiteElo "2571"]
[BlackElo "2402"]
[Result "1/2-1/2"]
[Round "06"]
[TimeControl "180+1"]
[Date "2021.09.28"]
[WhiteClock "0:00:10"]
[BlackClock "0:00:15"]

1. e4 c6 2. Nf3 d5 3. d3 g6 4. Qe2 Bg7 5. g3 Bg4 6. Bg2 e6 7. O-O Ne7 8. Nbd2 O-O 9. h3 Bxf3 10. Nxf3 Nd7 11. c3 a5 12. d4 dxe4 13. Qxe4 Nd5 14. a4 b5 15. Qe2 Qb6 16. h4 h5 17. Ng5 Rfe8 18. Ne4 N7f6 19. Nc5 Ra7 20. Nd3 b4 21. c4 Ne7 22. Be3 Nf5 23. Ne5 Rc7 24. c5 Qb7 25. Nc4 Qa6 26. Rfe1 Nd5 27. Rad1 Rd8 28. Kh2 Rcd7 29. Be4 Nde7 30. Nb6 Qxe2 31. Rxe2 Ra7 32. Red2 Bh6 33. Bg5 f6 34. Bxf5 Nxf5 35. Bxf6 Bxd2 36. Bxd8 Bh6 37. Bf6 Kf7 38. Be5 Bf8 39. b3 Be7 40. Kg2 Bd8 41. Nc4 Rd7 42. Kf3 Rd5 43. Ke4 Ke7 44. Ne3 Rd7 45. f3 Nxe3 46. Kxe3 Ke8 47. Ke4 Rf7 48. Rh1 Kd7 49. Bf4 Bf6 50. Be5 Be7 51. g4 Rh7 52. g5 Rf7 53. f4 Rf5 54. Rg1 Bd8 55. Ke3 Bc7 56. Bxc7 Kxc7 57. Kf3 Kd7 58. Re1 Rd5 59. Ke4 Ke7 60. Kd3 Kd7 61. Kc4 Ke7 62. Re4 Rd7 63. Re5 Kf7 64. Kd3 Rd8 65. Ke4 Rd7 66. Kd3 Rd8 67. Kc4 Rd7 68. Kd3 1/2-1/2


[Site "https://www.chess.com"]

[Event "Titled Tuesday Blitz September 28 2021"]
[White "Korchmar, Vasiliy"]
[Black "Kovanova, Baira"]
[WhiteFideId "24131750"]
[BlackFideId "4164083"]
[WhiteElo "2370"]
[BlackElo "2187"]
[Result "0-1"]
[Round "06"]
[TimeControl "180+1"]
[Date "2021.09.28"]
[WhiteClock "0:00:08"]
[BlackClock "0:00:15"]

1. e4 e5 2. Nf3 Nc6 3. Nc3 Nf6 4. Bb5 Bd6 5. d3 O-O 6. O-O a6 7. Bc4 Bc5 8. a3 h6 9. Be3 Ba7 10. Bxa7 Rxa7 11. d4 d6 12. h3 Ra8 13. Re1 exd4 14. Nxd4 Ne5 15. Ba2 Re8 16. f4 Ng6 17. Qf3 c5 18. Nf5 Qb6 19. Rad1 Bxf5 20. exf5 Nh4 21. Rxe8+ Rxe8 22. Qd3 c4+ 23. Qd4 Qxb2 24. Bxc4 Nxf5 25. Qd3 Qb6+ 26. Kh2 Ne3 27. Rb1 Qc5 28. Ba2 Neg4+ 29. hxg4 Nxg4+ 30. Kg3 Re3+ 31. Kxg4 Rxd3 32. cxd3 Qxc3 33. Rxb7 h5+ 34. Kxh5 Qc5+ 35. Kg4 d5 36. a4 Qc8+ 0-1


[Site "https://www.chess.com"]

[Event "Titled Tuesday Blitz September 28 2021"]
[White "Korobov, Anton"]
[Black "Sychev, Klementy"]
[WhiteFideId "14105730"]
[BlackFideId "4114060"]
[WhiteElo "2703"]
[BlackElo "2615"]
[Result "1-0"]
[Round "06"]
[TimeControl "180+1"]
[Date "2021.09.28"]
[WhiteClock "0:00:23"]
[BlackClock "0:00:02"]

1. d4 Nf6 2. c4 e6 3. Nf3 d5 4. Nc3 Ne4 5. e3 c6 6. Bd3 f5 7. O-O Nd7 8. Ne2 Bd6 9. Rb1 Qe7 10. b3 O-O 11. Bb2 Rf6 12. Ne5 Rh6 13. g3 Ndf6 14. f3 Ng5 15. Nf4 Bd7 16. Bc3 Nf7 17. Be2 g5 18. Nfd3 Qe8 19. b4 Nd8 20. Rf2 Rc8 21. a4 Bb8 22. Nc5 Rc7 23. b5 Bc8 24. Qb3 b6 25. Na6 Bxa6 26. bxa6 Rg7 27. c5 Bc7 28. cxb6 Bxb6 29. a5 Bc7 30. Qa4 f4 31. Rb7 fxe3 32. Rg2 Nxb7 33. axb7 Bxe5 34. dxe5 Rxb7 35. exf6 Rb1+ 36. Bd1 Qb8 37. Rb2 Rxb2 38. Qxc6 Rb1 39. Qxe6+ Kh8 40. f7+ d4 41. Bxd4+ 1-0


[Site "https://www.chess.com"]

[Event "Titled Tuesday Blitz September 28 2021"]
[White "Kovalev, Vladislav"]
[Black "Quparadze, Giga"]
[WhiteFideId "13504398"]
[BlackFideId "13602250"]
[WhiteElo "2822"]
[BlackElo "2943"]
[Result "0-1"]
[Round "06"]
[TimeControl "180+1"]
[Date "2021.09.28"]
[WhiteClock "0:00:12"]
[BlackClock "0:02:29"]

1. e4 c5 2. Nf3 e6 3. d4 cxd4 4. Nxd4 a6 5. Nc3 b5 6. Bd3 Bb7 7. O-O Nc6 8. Nxc6 Bxc6 9. Re1 Bc5 10. Qg4 Nf6 11. Qg3 d6 12. a4 b4 13. Nd5 O-O 14. Nxf6+ Qxf6 15. e5 dxe5 16. Be3 Bxe3 17. Qxe3 e4 18. Bxe4 Rac8 19. Bd3 a5 20. Qe5 Bd5 21. Qxf6 gxf6 22. f3 f5 23. Kf2 Kg7 24. Ke3 Kf6 25. Kd2 Rfd8 26. Re3 Bc4 27. Rae1 b3 28. cxb3 Bxb3 29. Rc1 Rxc1 30. Kxc1 f4 0-1


[Site "https://www.chess.com"]

[Event "Titled Tuesday Blitz September 28 2021"]
[White "Krivonosov, Oleg"]
[Black "Ozates, Tuna"]
[WhiteFideId "11600349"]
[BlackFideId "6354521"]
[WhiteElo "2469"]
[BlackElo "1872"]
[Result "1-0"]
[Round "06"]
[TimeControl "180+1"]
[Date "2021.09.28"]
[WhiteClock "0:00:39"]
[BlackClock "0:01:37"]

1. Nf3 b6 2. g3 Bb7 3. Bg2 c5 4. c4 Nf6 5. O-O e6 6. Nc3 Be7 7. d4 cxd4 8. Qxd4 Nc6 9. Qf4 Qb8 10. Rd1 O-O 11. Qxb8 Raxb8 12. Bf4 Ra8 13. Rac1 a6 14. Na4 b5 15. Nb6 Rad8 16. Bc7 Rde8 17. Nxd7 Nxd7 18. Rxd7 Bf6 19. b3 Bc8 20. Rd2 b4 21. Bd6 Be7 22. Rcd1 Bxd6 23. Rxd6 Rd8 24. Rxd8 Rxd8 25. Rxd8+ Nxd8 26. Ne5 f6 27. Nc6 Nxc6 28. Bxc6 Kf8 29. f4 Ke7 30. Kf2 Kd6 31. Be4 g6 32. g4 Kc5 33. e3 e5 34. fxe5 fxe5 35. g5 Bg4 36. Ke1 a5 37. Kd2 a4 38. bxa4 Bc8 39. Bd5 Bf5 40. Kc1 Kb6 41. Kb2 Ka5 42. Kb3 Bd7 43. c5 Bxa4+ 44. Kb2 Bd7 45. c6 Bc8 46. Bg8 Kb5 47. Bxh7 Kxc6 48. Bxg6 Kd5 49. h4 1-0


[Site "https://www.chess.com"]

[Event "Titled Tuesday Blitz September 28 2021"]
[White "Krysa, Leandro"]
[Black "Pridorozhni, Aleksei"]
[WhiteFideId "116807"]
[BlackFideId "4127870"]
[WhiteElo "2490"]
[BlackElo "2565"]
[Result "0-1"]
[Round "06"]
[TimeControl "180+1"]
[Date "2021.09.28"]
[WhiteClock "0:00:02"]
[BlackClock "0:01:20"]

1. e4 c5 2. Nf3 e6 3. d4 cxd4 4. Nxd4 Nf6 5. Nc3 Nc6 6. a3 d6 7. Be2 Be7 8. Be3 O-O 9. O-O a6 10. f4 Qc7 11. Qe1 Nxd4 12. Bxd4 e5 13. fxe5 dxe5 14. Qg3 Bc5 15. Bxc5 Qxc5+ 16. Kh1 Qe7 17. Bc4 Bd7 18. Nd5 Nxd5 19. Bxd5 Bc6 20. Rad1 Rac8 21. c3 Kh8 22. h3 f6 23. Rd2 Rfd8 24. Rfd1 Ba4 25. Rf1 Be8 26. Kh2 Bg6 27. Rfd1 Bh5 28. Re1 Rd6 29. c4 b5 30. cxb5 axb5 31. Qb3 Rc5 32. Qb4 Qc7 33. Re3 h6 34. Rc3 Rxc3 35. Qxc3 Qxc3 36. bxc3 Be8 37. Rb2 Kh7 38. c4 bxc4 39. Bxc4 Rd4 40. Bd5 Ra4 41. Rb3 Bg6 42. Re3 h5 43. h4 Kh6 44. Kg3 Bh7 45. Kf3 g5 46. hxg5+ fxg5 47. Rc3 g4+ 48. Ke3 Kg5 49. g3 h4 50. gxh4+ Kxh4 51. Kf2 Bxe4 52. Bxe4 Rxe4 53. Rc8 Ra4 54. Rc3 Rd4 55. Rc8 Rd2+ 56. Ke3 Ra2 57. Rh8+ Kg3 58. Ra8 Kg2 59. a4 g3 60. a5 Kf1 61. a6 g2 62. Rf8+ Ke1 63. Rg8 Ra3+ 64. Ke4 Kf2 65. Rf8+ Ke2 66. Rg8 Ra4+ 67. Kxe5 Kf2 68. Rf8+ Ke3 69. Rg8 Ra5+ 70. Kd6 Rxa6+ 71. Kc5 Kf2 72. Rf8+ Kg1 73. Rb8 Rh6 74. Rb1+ Kh2 75. Rb2 Kh1 76. Rb6 Rxb6 0-1


[Site "https://www.chess.com"]

[Event "Titled Tuesday Blitz September 28 2021"]
[White "Langrock, Hannes"]
[Black "Savchenko, Boris"]
[WhiteFideId "4655290"]
[BlackFideId "4147332"]
[WhiteElo "2325"]
[BlackElo "2543"]
[Result "0-1"]
[Round "06"]
[TimeControl "180+1"]
[Date "2021.09.28"]
[WhiteClock "0:00:02"]
[BlackClock "0:00:26"]

1. d4 Nf6 2. c4 g6 3. g3 d5 4. cxd5 Nxd5 5. Bg2 Bg7 6. e4 Nb6 7. Ne2 c5 8. d5 e6 9. O-O exd5 10. exd5 O-O 11. Nec3 Na6 12. Nd2 Bf5 13. Nde4 Re8 14. Bg5 Qd7 15. Nf6+ Bxf6 16. Bxf6 Nb4 17. Qd2 Qd6 18. Bg5 Nc4 19. Qf4 Qxf4 20. Bxf4 Nd3 21. Bc7 b6 22. d6 Rad8 23. Nd5 Kg7 24. Bxd8 Rxd8 25. Ne3 Ndxb2 26. Nxf5+ gxf5 27. Rfe1 Rxd6 28. Re7 a5 29. Rc7 a4 30. Bh3 Kf6 31. Re1 Nd3 32. Ree7 Nde5 33. f4 Rd1+ 34. Kf2 Rd2+ 35. Ke1 Nf3+ 36. Kf1 Nxh2+ 37. Kg1 Nf3+ 38. Kf1 Kg6 39. Bg2 Nh2+ 40. Kg1 Ng4 41. Rxf7 Rd1+ 42. Bf1 Nce3 43. Rg7+ Kf6 44. Rgf7+ Ke6 45. Rfe7+ Kd5 46. Red7+ Ke4 47. Rxd1 Nxd1 48. Be2 Nc3 49. Bxg4 fxg4 50. Rxh7 Nxa2 51. Re7+ Kf5 52. Rb7 c4 53. Rxb6 c3 54. Rc6 Ke4 55. Kf2 a3 0-1


[Site "https://www.chess.com"]

[Event "Titled Tuesday Blitz September 28 2021"]
[White "Lewtak, Damian"]
[Black "Fromm, Marius"]
[WhiteFideId "1141724"]
[BlackFideId "12993190"]
[WhiteElo "2231"]
[BlackElo "2448"]
[Result "1-0"]
[Round "06"]
[TimeControl "180+1"]
[Date "2021.09.28"]
[WhiteClock "0:00:23"]
[BlackClock "0:00:01"]

1. e4 c5 2. Nf3 d6 3. Bb5+ Bd7 4. Bxd7+ Qxd7 5. O-O Nf6 6. Re1 Nc6 7. c3 e6 8. d4 cxd4 9. cxd4 d5 10. e5 Ne4 11. Nbd2 Nxd2 12. Qxd2 Bb4 13. Qg5 Bxe1 14. Qxg7 O-O-O 15. Nxe1 Nxd4 16. Qg4 Nc6 17. Nd3 Rhg8 18. Qh3 Kb8 19. Qxh7 Rh8 20. Qg7 Rdg8 21. Qf6 Qe7 22. Qf3 Qh4 23. Bf4 Qg4 24. Qxg4 Rxg4 25. g3 Rgg8 26. Kg2 Nd4 27. Rd1 Rc8 28. h4 Nf5 29. Bg5 Rc2 30. Kf3 Nd4+ 31. Kg2 Nf5 32. Kf3 Nd4+ 33. Kg4 Nf5 34. Bf6 Rg8+ 35. Kh3 Re2 36. g4 Nh6 37. g5 Nf5 38. h5 Re4 39. f4 Re3+ 40. Kg2 Rg3+ 41. Kh2 Rc8 42. Rd2 Rg4 43. h6 Rg8 44. Rg2 Rh4+ 45. Kg1 Ne3 46. Rh2 Rxh2 47. Kxh2 Ng4+ 48. Kh3 Nxf6 49. exf6 1-0


[Site "https://www.chess.com"]

[Event "Titled Tuesday Blitz September 28 2021"]
[White "Lukovic, Vladimir"]
[Black "Timofeev, Artyom"]
[WhiteFideId "942952"]
[BlackFideId "4140419"]
[WhiteElo "2436"]
[BlackElo "2591"]
[Result "0-1"]
[Round "06"]
[TimeControl "180+1"]
[Date "2021.09.28"]
[WhiteClock "0:00:19"]
[BlackClock "0:01:10"]

1. e4 e6 2. d4 d5 3. e5 c5 4. c3 Nc6 5. Nf3 Qb6 6. a3 f6 7. b4 cxd4 8. cxd4 Nge7 9. Bd3 Bd7 10. Bb2 Ng6 11. O-O Be7 12. Nc3 O-O 13. Na4 Qd8 14. exf6 Bxf6 15. Nc5 Bc8 16. Re1 Qd6 17. Qc2 b6 18. Bxg6 hxg6 19. Nd3 Ba6 20. Nde5 Ne7 21. Nxg6 Nxg6 22. Qxg6 Rac8 23. Re5 Bb5 24. Rh5 Be8 25. Qh7+ Kf7 26. Re1 Ke7 27. Rhe5 Bf7 28. Ng5 Rh8 29. Nxf7 Kxf7 30. Qd3 Bxe5 31. dxe5 Qc6 32. Qf3+ Kg8 33. Qg4 Rh6 34. h4 Qc4 35. Bc1 Qxg4 0-1


[Site "https://www.chess.com"]